 Dungeon Sprint DCSS version 0.30-a0-672-gc3a7216ad8 (webtiles) character file.

Game seed: 16696356201634406880

148 dduke234 the Spear-Bearer (level 7, -1/74 HPs)
             Began as a Minotaur Monk on Jan 18, 2023.
             Slain by the 27-headed Lernaean hydra (6 damage)
             ... in the Dungeon (Sprint VI: "Thunderdome").
             The game lasted 00:07:27 (731 turns).

dduke234 the Spear-Bearer (Minotaur Monk)            Turns: 731, Time: 00:07:28

Health: -1/74      AC: 11    Str: 18    XL:     7   Next: 93%
Magic:  6/6        EV: 14    Int:  3    God:
Gold:   240        SH:  0    Dex: 12    Spells: 6/6 levels left

rFire   + . .      SeeInvis .    a - +0 spear
rCold   . . .      Faith    +    (no shield)
rNeg    . . .      Spirit   .    r - +2 ring mail {rF+}
rPois   +          Reflect  .    (helmet restricted)
rElec   .          Harm     .    (no cloak)
rCorr   +          Rampage  .    (no gloves)
Will    .....      NoTele   +    (no boots)
Stlth   ++                       o - amulet of Balance {Faith Fly}
HPRegen 0.32/turn                n - ring "Ugroibom" {+Blink rPois rCorr AC+4 Int-4}
MPRegen 0.10/turn                (no ring)

@: flying
A: horns 2, retaliatory headbutt
a: Evoke Blink


You were in the Dungeon.
You visited 1 branch You collected 420 gold pieces.
You spent 180 gold pieces at shops.

Inventory:

Hand Weapons
 a - a +0 spear (weapon)
Armour
 b - a +0 robe
 r - a +2 ring mail of fire resistance (worn)
Jewellery
 n - the ring "Ugroibom" (left hand) {+Blink rPois rCorr AC+4 Int-4}
   (You bought it in a shop in the Dungeon)

   [ring of protection]

   AC:        It affects your AC (+4).
   Int:       It affects your intelligence (-4).
   rPois:     It protects you from poison.
   +Blink:    It lets you blink.
   rCorr:     It protects you from acid and corrosion.
 o - the amulet of Balance (around neck) {Faith Fly}
   (You bought it in a shop in the Dungeon)

   [amulet of faith]

   It allows you to gain divine favour quickly.
   Fly:       It grants you flight.
 p - the ring "Oserejic" {Wiz rElec rC+ Int+6}
   (You bought it in a shop in the Dungeon)

   [ring of wizardry]

   It improves your spell success rate.
   Int:       It affects your intelligence (+6).
   rC:        It protects you from cold.
   rElec:     It insulates you from electricity.
 q - the ring of Forisakk {Int+3 SInv}
   (You bought it in a shop in the Dungeon)

   [ring of see invisible]

   Int:       It affects your intelligence (+3).
   SInv:      It lets you see invisible.
Wands
 h - a wand of paralysis (8)
 k - a wand of quicksilver (5)
 l - a wand of iceblast (3)
Scrolls
 i - 4 scrolls of blinking
 m - 2 scrolls of fog
Potions
 c - a potion of ambrosia
 d - a potion of curing
 e - a potion of heal wounds
 f - 4 potions of haste
 g - 2 potions of magic
 j - a potion of resistance


   Skills:
 + Level 11.6 Fighting
 + Level 12.9 Polearms
 + Level 2.2 Armour
 + Level 10.6 Dodging
 + Level 4.3 Stealth


You had 6 spell levels left.
You didn't know any spells.
Your spell library was empty.

Dungeon Overview and Level Annotations

Branches:
Dungeon (1/1)

Altars:
Cheibriados
Dithmenos
Fedhas
Gozag
Kikubaaqudgha
Makhleb
Okawaru
Qazlal
Ru
Sif Muna
Trog
Uskayaw
Vehumet
Wu Jian
Xom
Yredelemnul
Zin
The Shining One
Lugonu

Shops:
D *[??*?*:[((!!!!

Annotations:
D Lernaean hydra


Innate Abilities, Weirdness & Mutations

You have a pair of horns on your head.
You reflexively headbutt those who attack you in melee.


Message History

Victory!
Score multiplier: 3x You now have 148 arena points (gained 84).
You now have 240 gold pieces (gained 120).
There is an entrance to Zulabb's Basic Armour here.
There is an entrance to Boiqack's Weapon Rack here.
Get ready!
There is an entrance to Iski Yxkixt's Premium Goods here.
ROUND 5!
BOSS ROUND!
There is an entrance to Zoliecvu's Miscellaneous Merchandise here.
The 27-headed Lernaean hydra comes into view.
Okay, then.
Aiming: Paralyse
Press: ? - help, Shift-Dir - straight line, f - 27-headed Lernaean hydra
Aim: the 27-headed Lernaean hydra (chance to affect: 0%)
Okay, then.
As you read the scroll of fog, it crumbles to dust.
The scroll dissolves into smoke.
You hit the 27-headed Lernaean hydra.
The 27-headed Lernaean hydra is lightly wounded.
The 27-headed Lernaean hydra attacks as you move away!
The 27-headed Lernaean hydra bites you! The 27-headed Lernaean hydra bites you.
The 27-headed Lernaean hydra barely misses you.
The 27-headed Lernaean hydra bites you!
The 27-headed Lernaean hydra misses you.
The 27-headed Lernaean hydra closely misses you.
The 27-headed Lernaean hydra bites you but does no damage.
The 27-headed Lernaean hydra barely misses you.
The 27-headed Lernaean hydra bites you but does no damage.
The 27-headed Lernaean hydra bites you!
* * * LOW HITPOINT WARNING * * *
The 27-headed Lernaean hydra bites you!
* * * LOW HITPOINT WARNING * * *
The 27-headed Lernaean hydra bites you.
* * * LOW HITPOINT WARNING * * *
The 27-headed Lernaean hydra bites you.
* * * LOW HITPOINT WARNING * * *
The 27-headed Lernaean hydra closely misses you.
The 27-headed Lernaean hydra bites you.
You die...

##⌠⌠⌠## #.....# ##.....##
##∩.....∩## #∩.......∩#
#........_# #_...§§§§§#
#_...§§§§§# ###....§§@§§###
#⌠.....§§D§§.⌠#
######.8....§§§§§8.######
##..__......###......_._∩##
##∩........8.# #.8........∩###
.....).......###.............##
..........###...###..........⌠#
..........# #.<.# #..........⌠#
..........###...###..........⌠#


You could see the 27-headed Lernaean hydra.

Vanquished Creatures
  A tarantella (D)
  3 redbacks (D)
  Menkaure (D)
  3 scorpions (D)
  Ijyb (D)
  5 mummies (D)
  2 endoplasms (D)
  A giant cockroach (D)
  A goblin (D)
  2 hobgoblins (D)
  A kobold (D)
21 creatures vanquished.

Notes
Turn   | Place    | Note
-------+----------+-------------------------------------------
     0 | D        | dduke234 the Minotaur Monk began the quest for the Orb.
     0 | D        | Reached XP level 1. HP: 19/19 MP: 0/0
     4 | D        | Found an ancient bone altar of Kikubaaqudgha.
     5 | D        | Found a stormy altar of Qazlal.
     5 | D        | Found a sacrificial altar of Ru.
     5 | D        | Round 1.
     6 | D        | Found a shadowy altar of Dithmenos.
     6 | D        | Found a shimmering altar of Xom.
     7 | D        | Found a glowing golden altar of the Shining One.
     7 | D        | Found a snail-covered altar of Cheibriados.
     7 | D        | Found Iski Yxkixt's Premium Goods.
     7 | D        | Found Boiqack's Weapon Rack.
     8 | D        | Found Zoliecvu's Miscellaneous Merchandise.
     8 | D        | Found Zulabb's Basic Armour.
    32 | D        | Found a bloodstained altar of Trog.
    32 | D        | Found a glowing silver altar of Zin.
    34 | D        | Found Oxiuraung's Do-It-Yourself Clinic.
    38 | D        | Found Emnyveno's Bottled Wisdom.
    38 | D        | Found Ifasukhlo's Distillery.
    39 | D        | Found a corrupted altar of Lugonu.
    39 | D        | Found a hide-covered altar of Uskayaw.
    39 | D        | Found Filosag's Distillery.
    45 | D        | Reached skill level 4 in Polearms
    47 | D        | Noticed a scorpion
    57 | D        | Killed a scorpion
    58 | D        | Reached skill level 6 in Polearms
    58 | D        | Reached skill level 5 in Dodging
    58 | D        | Reached XP level 2. HP: 15/30 MP: 1/1
    58 | D        | Reached XP level 3. HP: 18/37 MP: 2/2
    71 | D        | Found a burning altar of Makhleb.
    72 | D        | Found a basalt altar of Yredelemnul.
    73 | D        | Found a radiant altar of Vehumet.
    73 | D        | Found Meunukun's Staff Store.
    75 | D        | Found a shimmering blue altar of Sif Muna.
    75 | D        | Found an iron altar of Okawaru.
    75 | D        | Found Gyedicre's Magic Scroll Shop.
    77 | D        | Found Zexkeij's Must-Have Magic.
    77 | D        | Found Safud Vudee's Magic Scroll Shop.
    84 | D        | Found an ornate altar of the Wu Jian Council.
    85 | D        | Found a blossoming altar of Fedhas.
    85 | D        | Arena points: 12 (+12) [x2]
   104 | D        | Round 2.
   122 | D        | Found an opulent altar of Gozag.
   122 | D        | Found Ynuaval's Identification Station.
   123 | D        | Found Vixekus's Jewellery.
   123 | D        | Found Ogea's Advanced Armour.
   154 | D        | Bought a shimmering wooden ring for 45 gold pieces
   154 | D        | Identified the ring "Ugroibom" {+Blink rPois rCorr AC+4
                  | Int-4} (You bought it in a shop in the Dungeon)
   154 | D        | Bought a sparkling diamond amulet for 45 gold pieces
   154 | D        | Identified the amulet of Balance {Faith Fly} (You bought it
                  | in a shop in the Dungeon)
   154 | D        | Bought a heavily runed wooden ring for 45 gold pieces
   154 | D        | Identified the ring "Oserejic" {Wiz rElec rC+ Int+6} (You
                  | bought it in a shop in the Dungeon)
   160 | D        | Bought a shimmering tin ring for 45 gold pieces
   160 | D        | Identified the ring of Forisakk {Int+3 SInv} (You bought it
                  | in a shop in the Dungeon)
   199 | D        | Noticed Ijyb
   207 | D        | Paralysed by Ijyb for 4 turns
   230 | D        | Killed Ijyb
   231 | D        | Reached XP level 4. HP: 32/45 MP: 3/3
   272 | D        | Noticed a kobold brigand
   278 | D        | Reached skill level 7 in Polearms
   288 | D        | Arena points: 22 (+10) [x1]
   303 | D        | Round 3.
   319 | D        | Noticed a redback
   330 | D        | Killed a redback
   331 | D        | Reached skill level 9 in Polearms
   331 | D        | Reached XP level 5. HP: 42/53 MP: 4/4
   345 | D        | Reached XP level 6. HP: 40/62 MP: 5/5
   370 | D        | Noticed a redback
   384 | D        | Killed a redback
   385 | D        | Reached skill level 10 in Polearms
   414 | D        | Noticed a redback
   422 | D        | Killed a redback
   422 | D        | Noticed a tarantella
   423 | D        | Reached skill level 10 in Fighting
   423 | D        | Reached skill level 11 in Polearms
   423 | D        | Reached XP level 7. HP: 30/73 MP: 6/6
   432 | D        | Killed a tarantella
   432 | D        | Arena points: 64 (+42) [x2]
   433 | D        | Reached skill level 12 in Polearms
   433 | D        | Reached skill level 1 in Armour
   433 | D        | Reached skill level 10 in Dodging
   490 | D        | Round 4.
   530 | D        | Noticed Menkaure
   543 | D        | HP: 2/74 [Menkaure (15)]
   545 | D        | Killed Menkaure
   651 | D        | Arena points: 148 (+84) [x3]
   692 | D        | Round 5.
   722 | D        | Noticed the 27-headed Lernaean hydra
   731 | D        | Slain by the 27-headed Lernaean hydra

Illustrated notes

Levels and vault maps discovered:
D:        arena_sprint

Skill      XL: |  1  2  3  4  5  6  7 |
---------------+----------------------+-----
Fighting       | 6 8 10 11 | 11.6
Polearms       | 6 9 11 12 | 12.9
Dodging        | 5 6 7 8 9 10 | 10.6
Stealth        | 2 3 4 |  4.3
Armour         | 2 |  2.2

Action                   |  1- 3 |  4- 6 |  7- 9 || total
-------------------------+-------+-------+-------++-------
Melee: Spear             |    40 |    34 |    34 ||   108
       Headbutt          |     6 |     7 |    12 ||    25
       Punch             |       |     1 |     2 ||     3
Evoke: Wand              |       |       |     2 ||     2
  Use: Potion            |       |     3 |     1 ||     4
       Scroll            |       |       |     1 ||     1
Armor: Robe              |     7 |     5 |       ||    12
       Ring mail         |       |     1 |     3 ||     4
Dodge: Dodged            |    12 |    12 |    16 ||    40

Table legend: (Time is in decaauts)
 A = Elapsed time spent in this place.
 B = Non-inter-level travel time spent in this place.
 C = Inter-level travel time spent in this place.
 D = Time resting spent in this place.
 E = Time spent auto-exploring this place.
 F = Levels seen in this place.
 G = Mean time per level.
                   A        B        C        D        E       F      G
               +--------+--------+--------+--------+--------+-----+--------+
         Total |    703 |    703 |      0 |      0 |    129 |   1 |  703.0 |
       Dungeon |    703 |    703 |      0 |      0 |    129 |   1 |  703.0 |
               +--------+--------+--------+--------+--------+-----+--------+

Top non-repeatable levels by time:
       D: 703 daAuts
